 Dungeon Crawl Stone Soup version 0.25.0-10-g039870ee82 (webtiles) character file.

Game seed: 1919651609680566584

2020 fritzmikael the Thaumaturge (level 9, 0/71 HPs)
             Began as a Mummy Ice Elementalist on June 22, 2020.
             Was an Initiate of Gozag.
             Killed from afar by a deep elf mage (29 damage)
             ... with a bolt of magma
             ... on level 7 of the Dungeon.
             The game lasted 00:17:22 (8183 turns).

fritzmikael the Thaumaturge (MuIE)                  Turns: 8183, Time: 00:17:22

Health: 0/71       AC:  5    Str: 11    XL:     9   Next: 3%
Magic:  11/21      EV: 16    Int: 18    God:    Gozag
Gold:   146        SH:  0    Dex: 12    Spells: 10/25 levels left

rFire    . . .     SeeInvis .   h - +0 hunting sling
rCold    + . .     Gourm    .   (no shield)
rNeg     + + +     Faith    .   a - +0 robe
rPois    ∞         Spirit   .   (no helmet)
rElec    .         Reflect  .   i - +1 cloak
rCorr    .         Harm     .   (no gloves)
MR       +....                  e - +0 pair of boots
Stlth    ++........             (no amulet)
HPRegen  0.21/turn              v - ring of protection from fire
MPRegen  0.17/turn              q - +4 ring of evasion

@: no status effects
A: no food or potions, fire vulnerability, cold resistance 1, negative energy
resistance 3, torment resistance, unbreathing
a: Potion Petition, Call Merchant, Bribe Branch, Renounce Religion


You were on level 7 of the Dungeon.
You worshipped Gozag.
Gozag was aware of your devotion.
You were not hungry.

You visited 2 branches of the dungeon, and saw 8 of its levels.

You collected 386 gold pieces.
You spent 160 gold pieces at shops.
You paid 80 gold pieces to Gozag.

Inventory:

Hand Weapons
 b - a +1 vorpal mace
 h - a +0 hunting sling (weapon)
Missiles
 g - 165 stones (quivered)
 m - 16 poisoned darts
Armour
 a - a +0 robe (worn)
 e - a +0 pair of boots (worn)
 f - a +0 ring mail
 i - a +1 cloak (worn)
Magical Staves
 u - an uncursed staff of fire
Jewellery
 c - an uncursed ring of see invisible
 q - a +4 ring of evasion (right hand)
 t - an uncursed ring of magical power {unknown}
 v - a ring of protection from fire (left hand)
 w - an uncursed ring of stealth
 x - an uncursed ring of stealth
 y - a cursed ring of teleportation {unknown}
 z - a cursed ring of teleportation {unknown}
 B - an uncursed amulet of guardian spirit
Wands
 p - a wand of iceblast (8)
 r - a wand of flame (11)
Scrolls
 d - a scroll of fog {unknown}
 j - 3 scrolls of remove curse
 k - 2 scrolls of fear
 l - 10 scrolls of identify
 n - 2 scrolls of amnesia
 o - a scroll of teleportation
 s - 3 scrolls of enchant weapon {unknown}
 A - a scroll of magic mapping


   Skills:
 + Level 6.7 Fighting
 - Level 1.5 Dodging
 - Level 1.5 Stealth
 + Level 8.6 Spellcasting
 + Level 6.6 Ice Magic


You had 10 spell levels left.
You knew the following spells:

 Your Spells              Type           Power        Failure   Level  Hunger
a - Freeze                Ice            ####         1%          1    N/A
b - Frozen Ramparts       Ice            ####..       1%          3    N/A
c - Ozocubu's Armour      Chrm/Ice       ###.....     7%          3    N/A
d - Hailstorm             Conj/Ice       ###.....     24%         4    N/A
e - Summon Ice Beast      Ice/Summ       ###.....     24%         4    N/A

Your spell library contained the following spells:

 Spells                   Type           Power        Failure   Level  Hunger


Dungeon Overview and Level Annotations

Branches:
Dungeon (7/15)             Temple (1/1) D:5

Altars:
Cheibriados
Dithmenos
Gozag
Makhleb
Okawaru
Trog
Uskayaw
Zin
The Shining One

Shops:
D:5 *   D:6 *


Innate Abilities, Weirdness & Mutations

You do not eat or drink.
Your flesh is vulnerable to fire.
You are immune to poison.
Your flesh is cold resistant. (rC+)
You are immune to negative energy. (rN+++)
You are immune to unholy pain and torment.
You can survive without breathing.


Message History

The bolt of magma hits you!!
Casting: Freeze (safe; 1% risk of failure)
Confirm with . or Enter, or press ? or * to list all spells.
Aiming: Freeze (safe; 1% risk of failure)
Press: ? - help, Shift-Dir - straight line, f/p - deep elf mage
Aim: a deep elf mage, wielding a +2 dagger of venom and wearing an uncursed ring of ice (severely wounded)
The deep elf mage resists.
You freeze the deep elf mage.
The deep elf mage is almost dead.
The deep elf mage barely misses you.
Casting: Freeze (safe; 1% risk of failure)
Confirm with . or Enter, or press ? or * to list all spells.
Aiming: Freeze (safe; 1% risk of failure)
Press: ? - help, Shift-Dir - straight line, f/p - deep elf mage
Aim: a deep elf mage, wielding a +2 dagger of venom and wearing an uncursed ring of ice (almost dead)
The deep elf mage resists.
You freeze the deep elf mage.
The deep elf mage is almost dead.
The deep elf mage casts a spell at you. The bolt of magma hits you!!
You die...
Your body crumbles into a pile of gold.

###......# #_# ###.### ....
....##.### #.# #.....# ...# #.#
#.# #.# ###.#.# ###..# #.# #.#
#.# #.#.#### ..#..# #.# #.# #.#
#.#.##.. #.#..# #.#
#.#####.#####.#.##.# ..#..#
#.####.?...........#.##.#
.##..####.)((..E..........##.....
.....((........e@...#####.#####.#
(....##############.# #.# #.#
###..## #.# #.# #.. #%##..# #.#
#.# ### #..##.# #.#####.# #.8.###
#########%#...#.#
#...[######.............#
.#####..............#...#
8....#####...#########.##


You could see an earth elemental (summoned) and a deep elf mage.

Vanquished Creatures
  Sigmund (D:2)
  A hungry ghost (D:7)
  2 ogres
  2 ice beasts (D:6)
  2 centaurs (D:7)
  Blork the orc (D:6)
  2 bullfrogs
  A scorpion (D:7)
  A crimson imp (D:7)
  A bullfrog zombie (D:5)
  2 orc wizards (D:4)
  Crazy Yiuf (D:2)
  3 hounds (D:4)
  A centaur skeleton (D:5)
  4 orc priests
  2 bullfrog skeletons
  2 jellies
  Jessica (D:2)
  Terence (D:2)
  3 iguanas
  3 worker ants
  2 hound skeletons
  A howler monkey zombie (D:7)
  8 adders
  An adder zombie (D:5)
  2 adder skeletons
  8 worms
  11 dart slugs
  3 leopard geckos
  25 orcs
  6 giant cockroaches
  6 goblins
  3 hobgoblins
  5 jackals
  A quokka (D:3)
  A ball python (D:1)
  6 bats
  A frilled lizard (D:3)
  5 kobolds
  3 rats
135 creatures vanquished.

Notes
Turn   | Place    | Note
-------+----------+-------------------------------------------
     0 | D:1      | fritzmikael the Mummy Ice Elementalist began the quest for
                  | the Orb.
     0 | D:1      | Reached XP level 1. HP: 13/13 MP: 4/4
   512 | D:1      | Reached skill level 3 in Spellcasting
   546 | D:1      | Reached XP level 2. HP: 19/20 MP: 4/6
   884 | D:2      | Reached skill level 1 in Fighting
   988 | D:2      | Noticed Terence
  1021 | D:2      | Reached XP level 3. HP: 7/26 MP: 2/7
  1025 | D:2      | Noticed Jessica
  1385 | D:2      | Learned a level 3 spell: Frozen Ramparts
  1739 | D:2      | Killed Jessica
  1786 | D:2      | Reached XP level 4. HP: 33/33 MP: 9/9
  1937 | D:2      | Killed Terence
  1937 | D:2      | Reached skill level 4 in Spellcasting
  1994 | D:2      | Noticed Sigmund
  2001 | D:2      | Killed Sigmund
  2001 | D:2      | Reached XP level 5. HP: 22/41 MP: 2/12
  2001 | D:2      | Reached XP level 6. HP: 25/47 MP: 2/13
  2357 | D:2      | Reached skill level 5 in Spellcasting
  2776 | D:2      | Found a runed translucent door.
  2777 | D:2      | Noticed Crazy Yiuf
  2805 | D:2      | Killed Crazy Yiuf
  3260 | D:3      | Learned a level 3 spell: Ozocubu's Armour
  3565 | D:3      | Reached XP level 7. HP: 43/54 MP: 9/15
  3692 | D:3      | Found a glowing golden altar of the Shining One.
  4121 | D:4      | Reached skill level 6 in Spellcasting
  4172 | D:4      | Reached skill level 5 in Ice Magic
  5297 | D:5      | Entered Level 5 of the Dungeon
  5309 | D:5      | Found Gelepueh's Assorted Antiques.
  5318 | D:5      | Bought a knobbly opal ring for 160 gold pieces
  5353 | D:5      | Reached skill level 5 in Fighting
  5650 | D:5      | Found a staircase to the Ecumenical Temple.
  5657 | Temple   | Entered the Ecumenical Temple
  5750 | D:5      | Reached XP level 8. HP: 54/62 MP: 14/18
  5837 | D:5      | Found a bloodstained altar of Trog.
  5838 | D:5      | Found a glowing silver altar of Zin.
  6159 | D:6      | Reached skill level 7 in Spellcasting
  6339 | D:6      | You fall into a shaft and drop 1 floor!
  6689 | D:6      | Noticed Blork the orc
  6698 | D:6      | Killed Blork the orc
  6873 | D:6      | Found Xizxir's Mass Market.
  7128 | Temple   | Became a worshipper of Gozag Ym Sagoz the Greedy
  7584 | D:7      | Found a burning altar of Makhleb.
  7602 | D:7      | Reached skill level 8 in Spellcasting
  7798 | D:7      | Noticed a cyan ugly thing
  7799 | D:7      | Noticed a deep elf mage
  8099 | D:7      | Learned a level 4 spell: Hailstorm
  8104 | D:7      | Learned a level 4 spell: Summon Ice Beast
  8139 | D:7      | Reached XP level 9. HP: 43/71 MP: 16/21
  8183 | D:7      | Killed from afar by a deep elf mage

Illustrated notes

Levels and vault maps discovered:
D:1:      scummos_arrival_star, layout_loops_corners
D:2:      layout_basic, uniq_crazy_yiuf_cottage, uniq_sigmund, uniq_terence,
          uniq_jessica
D:3:      layout_loops_cross, tso_altar
D:4:      kennysheep_slugbush, layout_basic, first_ration
D:5:      layout_rooms, chequers_temple_overflow_statue_of_worship,
          minmay_temple_entry_mini_moons, serial_shops, shop,
          supply_closet_lemuel, sigmund_army
D:6:      layout_basic, minmay_shop_mass, uniq_blork_the_orc
D:7:      minmay_the_grid_octo_triangle [minmay_the_grid_octo_concentric,
          minmay_the_grid_octo_prize_star, minmay_the_grid_octo_clover],
          layout_loops_ring, makhleb_altar_promises_db, grunt_ogre_cave,
          grunt_ministairs_11
Temple:   eino_temple_rhombus

Skill      XL: |  1  2  3  4  5  6  7  8 |
---------------+-------------------------+-----
Spellcasting   | 3 4 5 6 8 |  8.6
Fighting       | 1 3 4 5 6 |  6.7
Ice Magic      | 4 5 6 |  6.6
Dodging        | |  1.5
Stealth        | |  1.5

Action                   |  1- 3 |  4- 6 |  7- 9 || total
-------------------------+-------+-------+-------++-------
Melee: Mace              |       |       |    66 ||    66
 Fire: Hunting sling     |    46 |   116 |   302 ||   464
 Cast: Freeze            |    22 |    26 |    27 ||    75
       Frozen Ramparts   |       |     7 |    23 ||    30
Evoke: Wand              |       |       |    10 ||    10
  Use: Scroll            |     2 |     3 |     5 ||    10
 Stab: Paralysed         |       |       |     6 ||     6
Armor: Robe              |     9 |    12 |    62 ||    83
Dodge: Dodged            |    20 |    41 |   175 ||   236
